 Dungeon Crawl Stone Soup version 0.24-a0-464-g6b2be6b8c7 (webtiles) character file.

Game seed: 1450133358394116314

70 Mithandil the Conjurer (level 4, 0/24 HPs)
             Began as a Deep Elf Conjurer on July 4, 2019.
             Slain by Grinder (9 damage)
             ... while paralysed by Grinder
             ... on level 3 of the Dungeon.
             The game lasted 00:14:20 (1630 turns).

Mithandil the Conjurer (Deep Elf Conjurer)          Turns: 1630, Time: 00:14:20

Health: 0/24       AC:  3    Str:  5    XL:     4   Next: 4%
Magic:  12/12      EV:  2    Int: 21    God:
Gold:   63         SH:  0    Dex: 15    Spells: 0/11 levels left

rFire    . . .     SeeInvis .   a - +0 dagger
rCold    . . .     Gourm    .   (no shield)
rNeg     . . .     Faith    .   j - +0 robe
rPois    .         Spirit   .   e - +0 helmet
rElec    .         Reflect  .   (no cloak)
rCorr    .         Harm     .   (no gloves)
MR       .....                  (no boots)
Stlth    ++........             (no amulet)
HPRegen  0.08/turn              (no ring)
MPRegen  0.13/turn              (no ring)

@: paralysed
A: no striking features
a: no special abilities


You were on level 3 of the Dungeon.
You were not hungry.

You visited 1 branch of the dungeon, and saw 3 of its levels.

You collected 63 gold pieces.

Inventory:

Hand Weapons
 a - a +0 dagger (weapon)
 o - a +0 club
Missiles
 i - 96 stones (quivered)
 n - 79 arrows
Armour
 e - a +0 helmet (worn)
 j - a +0 robe (worn)
 p - a +0 large shield
Jewellery
 b - an uncursed ring of positive energy {unknown}
 h - an uncursed amulet of guardian spirit
Scrolls
 m - a scroll of teleportation
 r - a scroll of identify
Potions
 d - a potion of agility {unknown}
 f - a potion of ambrosia {unknown}
 g - a potion of heal wounds {unknown}
 k - a potion of resistance {unknown}
 l - 4 potions of degeneration {unknown}
 q - 3 potions of curing {unknown}
 s - a potion of might {unknown}
 t - a potion of flight {unknown}
Comestibles
 c - 4 rations


   Skills:
 + Level 0.6 Short Blades
 + Level 3.0 Dodging
 + Level 2.9 Stealth
 + Level 0.3 Shields
 * Level 4.0 Spellcasting
 * Level 5.0 Conjurations
 + Level 0.0 Translocations


You couldn't memorise any spells.
You knew the following spells:

 Your Spells              Type           Power        Failure   Level  Hunger
a - Magic Dart            Conj           ####         1%          1    None
b - Searing Ray           Conj           ####..       2%          2    #......
c - Force Lance           Conj/Tloc      ###.....     38%         4    ####...
d - Iskenderun's Mystic   Conj           ####....     16%         4    ####...

Your spell library contained the following spells:

 Spells                   Type           Power        Failure   Level  Hunger
 Dazzling Spray           Conj/Hex       ##....       13%         3    ###....
 Fulminant Prism          Conj/Hex       ##........   38%         4    ####...


Dungeon Overview and Level Annotations

Branches:
Dungeon (3/15)

Altars:
Kikubaaqudgha
Xom

Annotations:
D:3 Grinder, Terence


Message History

Aiming: Magic Dart (safe; 1% risk of failure)
Press: ? - help, Shift-Dir - straight line, f - rat
Aim: a rat (resting)
The magic dart hits the rat.
You kill the rat!
Magic restored.
t - a green potion
Found 5 javelins.
Grinder comes into view.
Grinder shouts!
Grinder gestures at you. You resist with significant effort.
Found a grey potion.
Press: ? - help, v - describe, . - travel The floor.
Grinder gestures at you.
You suddenly lose the ability to move!
Grinder hits you!
You writhe in agony.
Grinder hits you!
You die...

##......# #.<......##
#.......#########....#
#.........## #..##.###..
#.......#..## #.†........
##.......#..####..####...#
##...##.##..##..## .
###.##.###.....###
#.##.####.#....#
#####....@....#....#
#...#..#5######....#
#.....##.###########
#...#.##.!.....#
#...#.###......#
#...........5...
#...#.####...... #####.#
....(# #.# ...#


You could see Grinder.

Vanquished Creatures
  3 adders (D:2)
  A worm (D:3)
  A dart slug (D:2)
  3 leopard geckos
  A giant cockroach (D:1)
  6 hobgoblins
  3 bats (D:1)
  3 frilled lizards
  4 goblins
  5 kobolds
  12 rats
42 creatures vanquished.

Notes
Turn   | Place    | Note
-------+----------+-------------------------------------------
     0 | D:1      | Mithandil the Deep Elf Conjurer began the quest for the
                  | Orb.
     0 | D:1      | Reached XP level 1. HP: 10/10 MP: 6/6
   143 | D:1      | Reached XP level 2. HP: 15/15 MP: 6/8
   147 | D:1      | Learned a level 2 spell: Searing Ray
   178 | D:3      | Noticed Terence
   495 | D:2      | Found a faded altar of an unknown god.
  1001 | D:2      | Found a shimmering altar of Xom.
  1005 | D:2      | Reached XP level 3. HP: 19/19 MP: 7/10
  1412 | D:2      | Reached skill level 5 in Conjurations
  1452 | D:2      | Reached XP level 4. HP: 24/24 MP: 6/12
  1459 | D:2      | Learned a level 4 spell: Force Lance
  1464 | D:2      | Learned a level 4 spell: Iskenderun's Mystic Blast
  1464 | D:2      | Found an ancient bone altar of Kikubaaqudgha.
  1618 | D:3      | Noticed Grinder
  1627 | D:3      | Paralysed by Grinder for 5 turns
  1630 | D:3      | Slain by Grinder

Levels and vault maps discovered:
D:1:      scummos_arrival_simple_fountains, layout_loops_ring
D:2:      layout_loops_cross, brannock_xom_greatest_gift,
          lemuel_coloured_pillars_altar, chequers_ecumenical_altar_simple,
          first_ration
D:3:      layout_rooms, marbit_many_paths, minmay_goblin_kobold_house,
          uniq_ijyb, uniq_terence, uniq_grinder

Skill      XL: |  1  2  3 |
---------------+----------+-----
Dodging        | 3 |  3.0
Spellcasting   | 4 |  4.0
Conjurations   | 5 |  5.0
Short Blades   | |  0.6
Stealth        | |  2.9
Shields        | |  0.3

Action                   |  1- 3 |  4- 6 || total
-------------------------+-------+-------++-------
Melee: Dagger            |     4 |       ||     4
 Cast: Magic Dart        |    77 |     5 ||    82
  Use: Scroll            |     8 |       ||     8
  Eat: Ration            |     1 |       ||     1
Armor: Robe              |     1 |       ||     1
Dodge: Dodged            |     8 |       ||     8

Table legend:
 A = Non-vault XP
 B = Vault XP
 C = Vault XP percentage of total XP
 D = Non-vault monster count
 E = Vault monster count
 F = Vault count percentage of total count
                 A         B        C        D         E       F
            +---------+---------+-------+---------+---------+-------
      Total |     101 |       0 |   0.0 |      42 |       0 |   0.0
            +---------+---------+-------+---------+---------+-------
        D:1 |      37 |       0 |   0.0 |      25 |       0 |   0.0
        D:2 |      58 |       0 |   0.0 |      15 |       0 |   0.0
        D:3 |       6 |       0 |   0.0 |       2 |       0 |   0.0
            +---------+---------+-------+---------+---------+-------
